 Dungeon Crawl Stone Soup version 0.29.0-11-gd7f09526c8 (webtiles) character file.

Game seed: 11807769425730667313

30 SensoryNuts the Covered (level 3, -2/31 HPs)
             Began as a Meteoran Fighter on Sept 2, 2022.
             Slain by a gnoll
             ... wielding a +0 spear
              (4 damage)
             ... on level 1 of the Dungeon.
             The game lasted 00:00:50 (316 turns).

SensoryNuts the Covered (Meteoran Fighter)           Turns: 316, Time: 00:00:51

Health: -2/31      AC:  7    Str: 19    XL:     3   Next: 55%
Magic:  4/4        EV:  9    Int: 10    God:
Gold:   94         SH:  5    Dex: 13    Spells: 2/2 levels left

rFire   . . .      SeeInvis .   a - +0 flail
rCold   . . .      Faith    .   c - +0 buckler
rNeg    . . .      Spirit   .   b - +0 scale mail
rPois   .          Reflect  .   (no helmet)
rElec   .          Harm     .   (no cloak)
rCorr   .          Rampage  .   (no gloves)
Will    .....                   (no boots)
Stlth   ..........              (no amulet)
HPRegen 0.10/turn               (no ring)
MPRegen 0.09/turn               (no ring)

@: mighty, glowing
A: sense surroundings 1, otherworldly, glowing, explore regen
a: no special abilities


You were on level 1 of the Dungeon.
You visited 1 branch of the dungeon, and saw 1 of its levels.

You collected 94 gold pieces.

Inventory:

Hand Weapons
 a - a +0 flail (weapon)
Armour
 b - a +0 scale mail (worn)
 c - a +0 buckler (worn)
Jewellery
 f - a +4 ring of evasion
Scrolls
 e - a scroll of immolation {unknown}
 h - a scroll of enchant armour {unknown}
 i - a scroll of butterflies {unknown}
Potions
 g - a potion of curing {unknown}
 j - a potion of attraction {unknown}


   Skills:
 + Level 3.4 Fighting
 * Level 3.9 Maces & Flails
 + Level 3.9 Armour
 + Level 0.5 Dodging
 + Level 3.8 Shields


You had 2 spell levels left.
You didn't know any spells.
Your spell library contained the following spells:

 Spells                   Type           Power      Damage    Failure   Level
 Magic Dart               Conj           0%         1d3       82%         1
 Call Imp                 Summ           0%         N/A       91%         2
 Mephitic Cloud           Conj/Pois/Air  0%         N/A       99%         3


Dungeon Overview and Level Annotations

Branches:
Dungeon (1/15) Zot: 263

Altars:


Innate Abilities, Weirdness & Mutations

You passively map a small area around you.
You are easily found by Zot.
You glow in the dark.
You regain HP and MP as you explore.


Message History

You hit the jackal.
The jackal is moderately wounded.
The jackal bites you but does no damage.
You block the gnoll's attack. You block the jackal's attack.
The goblin closely misses you. The gnoll hits you but does no damage.
You sock the jackal!
You kill the jackal!
The goblin misses you. The gnoll closely misses you.
You barely miss the goblin. The goblin hits you with a +0 dagger.
The gnoll barely misses you.
You barely miss the goblin. The goblin hits you with a +0 dagger.
The gnoll hits you but does no damage. The goblin barely misses you.
You are too injured to fight recklessly!
You are too injured to fight recklessly!
You are too injured to fight recklessly!
You are too injured to fight recklessly!
You are too injured to fight recklessly!
You are too injured to fight recklessly!
You are too injured to fight recklessly!
You are too injured to fight recklessly!
You are too injured to fight recklessly!
You feel very mighty all of a sudden.
The gnoll hits you from afar with a +0 spear!
* * * LOW HITPOINT WARNING * * *
The goblin hits you but does no damage.
You closely miss the goblin.
The gnoll hits you from afar with a +0 spear.
* * * LOW HITPOINT WARNING * * *
The goblin hits you but does no damage. You block the gnoll's attack.
You thump the goblin!
You kill the goblin!
The gnoll hits you but does no damage. The jackal closely misses you.
The gnoll hits you with a +0 spear.
* * * LOW HITPOINT WARNING * * *
The jackal bites you but does no damage.
Things that are here:
a +0 dagger; a goblin corpse The gnoll attacks as you move away!
The gnoll hits you but does no damage.
The gnoll hits you from afar with a +0 spear.
You die...

#.### #.#
#.# *
###.# ~
#...### ~
* ,
#.##..# ~
, #.#...#
#...#.#*
###@#.~ ,
#h#.~. ~
#)g....≈≈
##.....~~
#.#....
.# ... ~
.# .~ # *
.~ ~ , ,,
~~


You could see a gnoll and a jackal.

Vanquished Creatures
  4 giant cockroaches (D:1)
  5 goblins (D:1)
  2 hobgoblins (D:1)
  3 jackals (D:1)
  A kobold (D:1)
  2 quokkas (D:1)
  2 ball pythons (D:1)
  4 bats (D:1)
  A rat (D:1)
  A toadstool (D:1)
25 creatures vanquished.

Vanquished Creatures (others)
  4 plants (D:1)
  4 toadstools (D:1)
8 creatures vanquished.

Grand Total: 33 creatures vanquished

Notes
Turn   | Place    | Note
-------+----------+-------------------------------------------
     0 | D:1      | SensoryNuts the Meteoran Fighter began the quest for the
                  | Orb.
     0 | D:1      | Reached XP level 1. HP: 19/19 MP: 2/2
    53 | D:1      | Reached XP level 2. HP: 25/26 MP: 3/3
   214 | D:1      | Found a faded altar of an unknown god.
   238 | D:1      | Reached XP level 3. HP: 31/31 MP: 4/4
   316 | D:1      | Slain by a gnoll

Illustrated notes

Levels and vault maps discovered:
D:1:      lightli_iron_boxes, layout_basic,
          ebering_ecumenical_altar_sacrificial, dreamdust_princess_bridge,
          minmay_gold_behind_fungi, chequers_big_river

Skill      XL: |  1 |
---------------+----+-----
Maces & Flails | 3 |  3.9
Fighting       | |  3.4
Armour         | |  3.9
Dodging        | |  0.5
Shields        | |  3.8

Action                   || total
-------------------------++-------
Melee: Flail             ||    76
  Use: Potion            ||     1
Armor: Scale mail        ||    61
Dodge: Dodged            ||    44
Block: Buckler           ||    35
